TOP OF THE 1ST |
Atlanta (WIN) Braves batting - Pitching for Philadelphia (WIN) Phillies : RHP Jeremy Trotter
|
Pitching: RHP Jeremy Trotter
|
|
Batting: RHB Zheng-ze King
|
0-0: Ball 1-0: Ball 2-0: Foul Ball, location: 2F 2-1: Called Strike 2-2: Foul Ball, location: 2F 2-2: Ball 3-2: DOUBLE (Line Drive, 78D, EV 102.5 MPH)
|
Batting: RHB Hieronim Rutkowski
|
0-0: Called Strike 0-1: Ball 1-1: Ball 2-1: Swinging Strike 2-2: SINGLE (Groundball, 6S, EV 69.4 MPH) (infield hit) Zheng-ze King to third
|
Pinch Runner at 1st Luis Restrepo:
|
|
Batting: LHB Ricardo Sandoval
|
0-0: Called Strike 0-1: Ball 1-1: Foul Ball, location: 5FF 1-2: Strikes out swinging
|
Batting: SHB Bob Morales
|
0-0: Ball 1-0: Foul Ball, location: 2F 1-1: Foul Ball, location: 3SF 1-2: Fly out, F7 (Flyball, 78S, EV 99.4 MPH)
|
Batting: RHB Muneer Maudad
|
0-0: Called Strike 0-1: Foul Ball, location: 23F 0-2: Ball 1-2: Ball 2-2: Fly out, F8 (Flyball, 8RM, EV 77.5 MPH)
|
Top of the 1st over - 0 runs, 2 hits, 0 errors, 2 left on base; Atlanta (WIN) 0 - Philadelphia (WIN) 0 |
BOTTOM OF THE 1ST |
Philadelphia (WIN) Phillies batting - Pitching for Atlanta (WIN) Braves : RHP Thomas Crowner
|
Pitching: RHP Thomas Crowner
|
|
Now at 3B: Luis Restrepo
|
|
Now at SS: Zheng-ze King
|
|
Batting: RHB Mark Schultz
|
0-0: Ball 1-0: Called Strike 1-1: Swinging Strike 1-2: Strikes out swinging
|
Batting: RHB Alberto Ramirez
|
0-0: Ball 1-0: Ball 2-0: Ground out 3-1 (Groundball, 34, EV 92.5 MPH)
|
Batting: LHB Danny Hill
|
0-0: Ball 1-0: Called Strike 1-1: Ball 2-1: Swinging Strike 2-2: Strikes out swinging
|
Bottom of the 1st over - 0 runs, 0 hits, 0 errors, 0 left on base; Atlanta (WIN) 0 - Philadelphia (WIN) 0 |
TOP OF THE 2ND |
Atlanta (WIN) Braves batting - Pitching for Philadelphia (WIN) Phillies : RHP Jeremy Trotter
|
Batting: SHB Brian Bagley
|
0-0: Fly out, F4 (Popup, 13S, EV 84.4 MPH)
|
Batting: RHB Josh McCormick
|
0-0: Ball 1-0: Called Strike 1-1: Swinging Strike 1-2: Foul Ball, location: 25F 1-2: Ball 2-2: Strikes out looking
|
Batting: RHB Eddie McCoy
|
0-0: Ball 1-0: Ball 2-0: Foul Ball, location: 9LMF 2-1: Called Strike 2-2: Fly out, F9 (Flyball, 89M, EV 92.5 MPH)
|
Top of the 2nd over - 0 runs, 0 hits, 0 errors, 0 left on base; Atlanta (WIN) 0 - Philadelphia (WIN) 0 |
BOTTOM OF THE 2ND |
Philadelphia (WIN) Phillies batting - Pitching for Atlanta (WIN) Braves : RHP Thomas Crowner
|
Batting: RHB Guan-pei Gao
|
0-0: Ball 1-0: Called Strike 1-1: Ball 2-1: SINGLE (Groundball, 6M, EV 103.8 MPH)
|
Batting: LHB Chris Moody
|
0-0: Ball 1-0: Ball 2-0: Ball 3-0: Base on Balls Guan-pei Gao to second
|
Batting: RHB Mike Bell
|
0-0: DOUBLE (Line Drive, 7LD, EV 102.5 MPH) Guan-pei Gao scores Chris Moody to third
|
Batting: RHB Chris Myers
|
0-0: Ball 1-0: Called Strike 1-1: DOUBLE (Flyball, 8LXD, EV 108.1 MPH) Chris Moody scores Mike Bell scores
|
Batting: RHB Victor Arroyo
|
0-0: Called Strike 0-1: Swinging Strike 0-2: Ball 1-2: Ball 2-2: Strikes out looking
|
Batting: RHB David Clough
|
0-0: Ball 1-0: Ground out 5-3 (Groundball, 56, EV 88.1 MPH) Chris Myers to third
|
Batting: RHB Mark Schultz
|
0-0: Ball 1-0: Ball 2-0: Ball 3-0: SINGLE (Line Drive, 34, EV 95.0 MPH) Chris Myers scores
|
Batting: RHB Alberto Ramirez
|
0-0: Called Strike Mark Schultz steals 2nd base 0-1: Fly out, F8 (Flyball, 8LD, EV 107.5 MPH)
|
Bottom of the 2nd over - 4 runs, 4 hits, 0 errors, 1 left on base; Atlanta (WIN) 0 - Philadelphia (WIN) 4 |
TOP OF THE 3RD |
Atlanta (WIN) Braves batting - Pitching for Philadelphia (WIN) Phillies : RHP Jeremy Trotter
|
Batting: RHB Justin Reich
|
0-0: Ground out 5-3 (Groundball, 56, EV 87.5 MPH)
|
Batting: RHB Zheng-ze King
|
0-0: Called Strike 0-1: Ball 1-1: Ball 2-1: Swinging Strike 2-2: Foul Ball, location: 9LSFF 2-2: Ball 3-2: SINGLE (Groundball, 4MD, EV 96.3 MPH)
|
Batting: RHB Luis Restrepo
|
0-0: Called Strike 0-1: Ball 1-1: Ball 2-1: Fielders Choice at 2nd, 4-6 (Groundball, 4, EV 104.4 MPH)
|
Batting: LHB Ricardo Sandoval
|
0-0: Ball Luis Restrepo steals 2nd base (no throw) 1-0: Foul Ball, location: 3F 1-1: Foul Ball, location: 3F 1-2: Foul Ball, location: 3F 1-2: Ball 2-2: Foul Ball, location: 9LMF 2-2: SINGLE (Groundball, 2L, EV 68.8 MPH) (infield hit) Luis Restrepo to third
|
Batting: SHB Bob Morales
|
0-0: Ball 1-0: Called Strike Ricardo Sandoval is caught stealing 2nd base 2-6
|
Top of the 3rd over - 0 runs, 2 hits, 0 errors, 1 left on base; Atlanta (WIN) 0 - Philadelphia (WIN) 4 |
BOTTOM OF THE 3RD |
Philadelphia (WIN) Phillies batting - Pitching for Atlanta (WIN) Braves : RHP Thomas Crowner
|
Batting: LHB Danny Hill
|
0-0: Ball 1-0: Called Strike 1-1: SINGLE (Line Drive, 56D, EV 95.0 MPH)
|
Batting: RHB Guan-pei Gao
|
0-0: Called Strike 0-1: Swinging Strike 0-2: Ball 1-2: Ball 2-2: Foul Ball, location: 5F 2-2: Strikes out swinging
|
Batting: LHB Chris Moody
|
0-0: Swinging Strike 0-1: Ball Danny Hill is caught stealing 2nd base 2-6 1-1: Ground out 4-3 (Groundball, 4, EV 85.6 MPH)
|
Bottom of the 3rd over - 0 runs, 1 hit, 0 errors, 0 left on base; Atlanta (WIN) 0 - Philadelphia (WIN) 4 |
TOP OF THE 4TH |
Atlanta (WIN) Braves batting - Pitching for Philadelphia (WIN) Phillies : RHP Jeremy Trotter
|
Batting: SHB Bob Morales
|
0-0: Ground out 3-1 (Groundball, 34S, EV 80.6 MPH)
|
Batting: RHB Muneer Maudad
|
0-0: Ball 1-0: Called Strike 1-1: Swinging Strike 1-2: DOUBLE (Flyball, 78D, EV 96.9 MPH)
|
Batting: SHB Brian Bagley
|
0-0: Ball 1-0: Foul Ball, location: 3FF 1-1: Foul Ball, location: 5SF 1-2: 2-RUN HOME RUN (Flyball, 89XD, EV 95.6 MPH), Distance : 384 ft
|
Batting: RHB Josh McCormick
|
0-0: Called Strike 0-1: Ground out 5-3 (Groundball, 5, EV 103.1 MPH)
|
Batting: RHB Eddie McCoy
|
0-0: Ball 1-0: Ball 2-0: Ball 3-0: Base on Balls
|
Batting: RHB Justin Reich
|
0-0: Swinging Strike 0-1: Fielders Choice at 2nd, 5-4 (Groundball, 5, EV 105.6 MPH)
|
Top of the 4th over - 2 runs, 2 hits, 0 errors, 1 left on base; Atlanta (WIN) 2 - Philadelphia (WIN) 4 |
BOTTOM OF THE 4TH |
Philadelphia (WIN) Phillies batting - Pitching for Atlanta (WIN) Braves : RHP Thomas Crowner
|
Batting: RHB Mike Bell
|
0-0: Ball 1-0: Called Strike 1-1: Ball 2-1: Ball 3-1: Foul Ball, location: 2F 3-2: Strikes out swinging
|
Batting: RHB Chris Myers
|
0-0: SINGLE (Groundball, P, EV 90.6 MPH) (infield hit)
|
Batting: RHB Victor Arroyo
|
0-0: Ball 1-0: DOUBLE (Flyball, 7LD, EV 105.6 MPH) Chris Myers to third Runner from 3rd tries for Home, SAFE, throw by LF to trailing runner, SAFE at third!
|
Pitching: LHP Brian Gregory
|
|
Batting: RHB David Clough
|
0-0: Called Strike 0-1: Swinging Strike 0-2: Ball 1-2: Ball 2-2: Ground out 6-3 (Groundball, 4MD, EV 96.9 MPH)
|
Batting: RHB Mark Schultz
|
0-0: Ground out U3 (Groundball, 3L, EV 95.0 MPH)
|
Bottom of the 4th over - 1 run, 2 hits, 0 errors, 1 left on base; Atlanta (WIN) 2 - Philadelphia (WIN) 5 |
TOP OF THE 5TH |
Atlanta (WIN) Braves batting - Pitching for Philadelphia (WIN) Phillies : RHP Jeremy Trotter
|
Batting: RHB Zheng-ze King
|
0-0: Ball 1-0: Foul Ball, location: 5FF 1-1: Ball 2-1: Foul Ball, location: 5FF 2-2: Foul Ball, location: 25F 2-2: Foul Ball, location: 23FF 2-2: Fly out, F4 (Line Drive, 34, EV 77.5 MPH)
|
Batting: RHB Luis Restrepo
|
0-0: Swinging Strike 0-1: Swinging Strike 0-2: Strikes out swinging
|
Batting: LHB Ricardo Sandoval
|
0-0: Ball 1-0: Called Strike 1-1: Swinging Strike 1-2: Ball 2-2: Ball 3-2: Fly out, F4 (Line Drive, 4, EV 61.9 MPH)
|
Top of the 5th over - 0 runs, 0 hits, 0 errors, 0 left on base; Atlanta (WIN) 2 - Philadelphia (WIN) 5 |
BOTTOM OF THE 5TH |
Philadelphia (WIN) Phillies batting - Pitching for Atlanta (WIN) Braves : LHP Brian Gregory
|
Batting: RHB Alberto Ramirez
|
0-0: Ball 1-0: Foul Ball, location: 2F 1-1: Ball 2-1: Ball 3-1: SINGLE (Line Drive, 9S, EV 91.3 MPH)
|
Batting: LHB Danny Hill
|
0-0: Ball 1-0: Ball 2-0: Called Strike 2-1: Ball 3-1: Base on Balls Alberto Ramirez to second
|
Batting: RHB Guan-pei Gao
|
0-0: Swinging Strike 0-1: Ball 1-1: Ball 2-1: Fly out, F7 (Flyball, 7, EV 93.1 MPH)
|
Batting: LHB Chris Moody
|
0-0: Ball 1-0: Called Strike 1-1: Called Strike 1-2: Strikes out looking
|
Batting: RHB Mike Bell
|
0-0: Ball 1-0: Ball 2-0: Called Strike 2-1: Foul Ball, location: 2F 2-2: Foul Ball, location: 2F 2-2: Ball 3-2: Foul Ball, location: 5FF 3-2: SINGLE (Groundball, 34D, EV 100.0 MPH) Alberto Ramirez to third Danny Hill to second Alberto Ramirez scores Danny Hill to third
|
Batting: RHB Chris Myers
|
0-0: Foul Ball, location: 9LSF 0-1: Ball 1-1: Ball 2-1: Foul Ball, location: 5FF 2-2: Foul Ball, location: 2F 2-2: Ball 3-2: Foul Ball, location: 2F 3-2: Ground out 6-3 (Groundball, 6, EV 82.5 MPH)
|
Bottom of the 5th over - 1 run, 2 hits, 0 errors, 2 left on base; Atlanta (WIN) 2 - Philadelphia (WIN) 6 |
TOP OF THE 6TH |
Atlanta (WIN) Braves batting - Pitching for Philadelphia (WIN) Phillies : RHP Jeremy Trotter
|
Batting: SHB Bob Morales
|
0-0: Called Strike 0-1: Ball 1-1: Swinging Strike 1-2: Strikes out looking
|
Batting: RHB Muneer Maudad
|
0-0: Called Strike 0-1: Called Strike 0-2: Strikes out swinging
|
Batting: SHB Brian Bagley
|
0-0: Called Strike 0-1: Fly out, F7 (Flyball, 7, EV 73.8 MPH)
|
Top of the 6th over - 0 runs, 0 hits, 0 errors, 0 left on base; Atlanta (WIN) 2 - Philadelphia (WIN) 6 |
BOTTOM OF THE 6TH |
Philadelphia (WIN) Phillies batting - Pitching for Atlanta (WIN) Braves : LHP Brian Gregory
|
Batting: RHB Victor Arroyo
|
0-0: Ball 1-0: Foul Ball, location: 3FF 1-1: Foul Ball, location: 2LF 1-2: Foul Ball, location: 2F 1-2: Ball 2-2: Strikes out swinging
|
Batting: RHB David Clough
|
0-0: Ball 1-0: Ground out 4-3 (Groundball, 34, EV 79.4 MPH)
|
Batting: RHB Mark Schultz
|
0-0: Ball 1-0: Swinging Strike 1-1: Fly out, F8 (Line Drive, 8LS, EV 93.8 MPH)
|
Bottom of the 6th over - 0 runs, 0 hits, 0 errors, 0 left on base; Atlanta (WIN) 2 - Philadelphia (WIN) 6 |
TOP OF THE 7TH |
Atlanta (WIN) Braves batting - Pitching for Philadelphia (WIN) Phillies : RHP Jeremy Trotter
|
Pitching: RHP Dale Turner
|
|
Batting: RHB Josh McCormick
|
0-0: Foul Ball, location: 2F 0-1: Foul Ball, location: 5FF 0-2: Fly out, F8 (Flyball, 8RS, EV 94.4 MPH)
|
Batting: RHB Eddie McCoy
|
0-0: SINGLE (Groundball, 34D, EV 106.3 MPH)
|
Batting: RHB Justin Reich
|
0-0: Ball 1-0: Swinging Strike 1-1: Swinging Strike 1-2: SINGLE (Line Drive, 89S, EV 106.3 MPH) Eddie McCoy to second
|
Batting: RHB Zheng-ze King
|
0-0: Ball 1-0: Foul Ball, location: 5FF 1-1: Grounds into double play, 4-6-3 (Groundball, 4, EV 91.9 MPH)
|
Top of the 7th over - 0 runs, 2 hits, 0 errors, 1 left on base; Atlanta (WIN) 2 - Philadelphia (WIN) 6 |
BOTTOM OF THE 7TH |
Philadelphia (WIN) Phillies batting - Pitching for Atlanta (WIN) Braves : LHP Brian Gregory
|
Batting: RHB Alberto Ramirez
|
0-0: Called Strike 0-1: Ball 1-1: Fly out, F7 (Flyball, 78D, EV 91.3 MPH)
|
Batting: LHB Danny Hill
|
0-0: Ball 1-0: Ground out 6-3 (Groundball, 6, EV 87.5 MPH)
|
Batting: RHB Guan-pei Gao
|
0-0: Called Strike 0-1: Swinging Strike 0-2: Ball 1-2: Strikes out swinging
|
Bottom of the 7th over - 0 runs, 0 hits, 0 errors, 0 left on base; Atlanta (WIN) 2 - Philadelphia (WIN) 6 |
TOP OF THE 8TH |
Atlanta (WIN) Braves batting - Pitching for Philadelphia (WIN) Phillies : RHP Dale Turner
|
Now at 1B: Marco de Leon
|
|
Batting: RHB Luis Restrepo
|
0-0: Ground out 6-3 (Groundball, 6M, EV 108.1 MPH)
|
Batting: LHB Ricardo Sandoval
|
0-0: Ball 1-0: Called Strike 1-1: Foul Ball, location: 7LSF 1-2: Strikes out swinging
|
Batting: SHB Bob Morales
|
0-0: Ball 1-0: Ball 2-0: Called Strike 2-1: SOLO HOME RUN (Flyball, 9D, EV 93.8 MPH), Distance : 355 ft
|
Batting: RHB Muneer Maudad
|
0-0: Called Strike 0-1: Ball 1-1: Swinging Strike 1-2: Ball 2-2: Strikes out swinging
|
Top of the 8th over - 1 run, 1 hit, 0 errors, 0 left on base; Atlanta (WIN) 3 - Philadelphia (WIN) 6 |
BOTTOM OF THE 8TH |
Philadelphia (WIN) Phillies batting - Pitching for Atlanta (WIN) Braves : LHP Brian Gregory
|
Pitching: RHP Nate Bixler
|
|
Batting: LHB Chris Moody
|
0-0: Ball 1-0: Ball 2-0: Ball 3-0: Base on Balls
|
Batting: RHB Mike Bell
|
0-0: Called Strike 0-1: Foul Ball, location: 2F 0-2: Strikes out swinging
|
Batting: RHB Chris Myers
|
0-0: Called Strike 0-1: Fielders Choice at 2nd, 2-4 (Groundball, 15S, EV 68.1 MPH)
|
Batting: RHB Victor Arroyo
|
0-0: Ball 1-0: Called Strike Chris Myers steals 2nd base 1-1: Foul Ball, location: 25F 1-2: Foul Ball, location: 2F 1-2: Fly out, F9 (Flyball, 89M, EV 91.3 MPH)
|
Bottom of the 8th over - 0 runs, 0 hits, 0 errors, 1 left on base; Atlanta (WIN) 3 - Philadelphia (WIN) 6 |
TOP OF THE 9TH |
Atlanta (WIN) Braves batting - Pitching for Philadelphia (WIN) Phillies : RHP Dale Turner
|
Pitching: RHP David Oviedo
|
|
Batting: SHB Brian Bagley
|
0-0: Ball 1-0: Foul Ball, location: 2F 1-1: Ball 2-1: Ground out 4-3 (Groundball, 34, EV 101.3 MPH)
|
Pinch Hitting: LHB Eric Jackson
|
0-0: Ball 1-0: Called Strike 1-1: SINGLE (Groundball, 34D, EV 101.3 MPH)
|
Batting: RHB Eddie McCoy
|
0-0: Ball 1-0: SINGLE (Line Drive, 4MD, EV 100.6 MPH) Eric Jackson to second
|
Pinch Hitting: LHB Chad Persaud
|
0-0: Called Strike 0-1: Fly out, F7 (Flyball, 78S, EV 98.1 MPH)
|
Batting: RHB Zheng-ze King
|
0-0: Foul Ball, location: 2F 0-1: Swinging Strike 0-2: Strikes out swinging
|
Top of the 9th over - 0 runs, 2 hits, 0 errors, 2 left on base; Atlanta (WIN) 3 - Philadelphia (WIN) 6 |
|